 Dungeon Crawl Stone Soup version 0.21-a0-13-g3fd62ac (webtiles) character file.

6564 miragecloak the Martial Artist (level 11, -5/86 HPs)
             Began as an Octopode Transmuter on May 23, 2017.
             Was an Initiate of Ashenzari.
             Slain by a steam dragon (7 damage)
             ... on level 8 of the Dungeon.
             The game lasted 00:26:14 (13537 turns).

miragecloak the Martial Artist (OpTm)              Turns: 13537, Time: 00:26:16

Health: -5/86      AC:  6    Str:  9 (11) XL:     11   Next: 1%
Magic:  14/15      EV: 12    Int: 14 (15) God:    Ashenzari [......]
Gold:   456        SH:  0    Dex: 12 (15) Spells: 6/16 levels left

rFire    x . .     SeeInvis .     - Unarmed
rCold    + + +     Gourm    .   (shield currently unavailable)
rNeg     . . .     Faith    .   (helmet currently unavailable)
rPois    +         Spirit   .   (no amulet)
rElec    .         Reflect  .   (no ring)
rCorr    .         Harm     .   (no ring)
MR       .....                  (no ring)
Stlth    +.........             (no ring)
Regen    0.3/turn               (no ring)
MPRegen  0.2/turn               (no ring)
                                (no ring)
                                (no ring)

@: ice-form
A: almost no armour, stealthy swim, amphibious, 8 rings, (constrict 8),
repulsion field 1, sense surroundings 1
a: End Transformation, Curse Item, Renounce Religion


You were on level 8 of the Dungeon.
You worshipped Ashenzari.
Ashenzari was noncommittal.
You were hungry.
You were a creature of crystalline ice.
You visited 2 branches of the dungeon, and saw 10 of its levels.

You collected 480 gold pieces.
You spent 24 gold pieces at shops.

Inventory:

Missiles
 x - 71 arrows
Armour
 B - a cursed +0 hat (melded)
Jewellery
 w - a +1 ring of evasion
Wands
 a - a wand of lightning (1/15)
Scrolls
 c - a scroll of random uselessness {unknown}
 h - 4 scrolls of teleportation {unknown}
 j - a scroll of magic mapping {unknown}
 l - 6 scrolls of remove curse
 m - 3 scrolls of amnesia {unknown}
 n - 4 scrolls of identify {unknown}
 o - a scroll of recharging {unknown}
 t - a scroll of fog {unknown}
 u - 2 scrolls of immolation {unknown}
 y - a scroll of enchant weapon {unknown}
 z - a scroll of enchant armour {unknown}
Potions
 d - a potion of berserk rage {unknown}
 e - a potion of brilliance {unknown}
 f - 2 potions of lignification {unknown}
 g - 3 potions of cancellation {unknown}
 i - a potion of heal wounds {unknown}
 k - 2 potions of magic {unknown}
 q - 5 potions of curing
 r - 3 potions of degeneration
 s - 2 potions of haste {unknown}
 v - a potion of invisibility {unknown}
 A - 2 potions of mutation {unknown}
Books
 b - a book of Changes

   Spells                             Type                      Level
   a - Beastly Appendage              Transmutation                1
   b - Sticks to Snakes               Transmutation                2
   c - Spider Form                    Transmutation/Poison         3
   d - Ice Form                       Ice/Transmutation            4
   e - Blade Hands                    Transmutation                5
Comestibles
 p - 7 fruits
 C - a royal jelly


   Skills:
 + Level 5.8 Fighting
 - Level 2.0 Dodging
 - Level 10.2 Unarmed Combat
 - Level 3.2 Spellcasting
 - Level 10.0 Transmutations
 - Level 3.2 Ice Magic
 - Level 3.1 Poison Magic
   Level 4.0 Invocations


You had 6 spell levels left.
You knew the following spells:

 Your Spells              Type           Power        Failure   Level  Hunger
a - Beastly Appendage     Tmut           ####..       1%          1    #......
b - Spider Form           Tmut/Pois      ###.......   4%          3    ###....
c - Sticks to Snakes      Tmut           ####....     1%          2    ##.....
d - Ice Form              Ice/Tmut       ###.....     14%         4    #####..


Dungeon Overview and Level Annotations

Branches:
Dungeon (9/15)             Temple (1/1) D:5            Lair (0/6) D:8
    Orc: D:9-12

Altars:
Ashenzari
Cheibriados
Dithmenos
Elyvilon
Fedhas
Gozag
Hepliaklqana
Kikubaaqudgha
Makhleb
Nemelex Xobeh
Okawaru
Qazlal
Ru
Sif Muna
Trog
Uskayaw
Vehumet
Wu Jian
Xom
Yredelemnul
Zin
The Shining One

Shops:
D:6 %

Annotations:
D:3 miragecloak's ghost, amateur OpTm
D:4 2 transporters


Innate Abilities, Weirdness & Mutations

You cannot wear most types of armour.
You are very stealthy in the water. (Stealth+)
You are amphibious.
You can wear up to eight rings at the same time.
((You can use your tentacles to constrict eight enemies at once.))
((Your skin changes colour to match your surroundings (Stealth+).))
((Your rubbery body absorbs attacks. (AC +1, EV +1)))
You are surrounded by a mild repulsion field. (EV +2)
You passively map a small area around you.


Message History

You are engulfed in a cloud of scalding steam.
* * * LOW HITPOINT WARNING * * *
The steam dragon bites you.
* * * LOW HITPOINT WARNING * * *
The steam dragon closely misses you.
You barely miss the steam dragon.
The steam dragon is heavily wounded.
You are engulfed in a cloud of scalding steam.
* * * LOW HITPOINT WARNING * * *
The steam dragon bites you.
* * * LOW HITPOINT WARNING * * *
The steam dragon claws you but does no damage.
Okay, then.
It was a potion of degeneration.
There was something very wrong with that liquid.
You feel weakened.
You feel dopey.
You feel clumsy.
You are engulfed in a cloud of scalding steam.
* * * LOW HITPOINT WARNING * * *
The steam dragon bites you!
You die...

#.[<.##.##..# ####.##..#..# #
#.##[##.##..# #........# #
#.##........# #####.##..#..###
##.......###.#####.............).
......).)))........###.##......##
#####...####.####### #.##.##...#
#.[.# #.# #.##......## #...#
#>#########.#####..### #...#
#.).§YD.....# #).# #
#####)..##############># #..###
#.......[.....# ######.#####.....
#.####.######.# #.............###
#.# #.# #.# #.############# #.#
#.# #.# #.# #.####.# #.# #.#
.......# #.# #.# #.###### #.# #.#


You could see a steam dragon.

Vanquished Creatures
  Gastronok (D:7)
  2 hippogriffs
  A yak (D:8)
  3 wyverns (D:8)
  A basilisk (D:8)
  A swamp drake (D:8)
  5 orc warriors
  2 sky beasts
  2 ice beasts (D:7)
  An ogre (D:7)
  2 black bears
  2 phantoms
  4 centaurs
  2 crocodiles (D:8)
  4 bullfrogs
  A water moccasin skeleton (D:4)
  2 scorpions
  A howler monkey (D:6)
  A centaur zombie (D:5)
  2 crimson imps
  A bullfrog zombie (D:6)
  5 orc priests
  6 hounds
  A jelly (D:8)
  2 bullfrog skeletons
  A gnoll shaman (D:6)
  A centaur skeleton (D:7)
  2 iguanas
  4 worker ants
  7 orc wizards
  2 hound skeletons (D:6)
  16 adders
  8 gnolls
  2 shadow imps (D:8)
  4 oozes
  3 adder skeletons
  An adder zombie (D:6)
  2 worms (D:2)
  2 dart slugs
  3 leopard geckos
  40 orcs
  5 giant cockroaches
  7 goblins
  13 hobgoblins
  22 jackals
  3 quokkas
  4 ball pythons
  8 bats
  A frilled lizard (D:1)
  A jackal skeleton (D:8)
  11 kobolds
  A leopard gecko skeleton (D:7)
  11 rats
240 creatures vanquished.

Vanquished Creatures (collateral kills)
  Prince Ribbit (D:5)
  2 ogres (D:5)
  A phantom (D:4)
  An orc (D:5)
  A giant cockroach (D:3)
6 creatures vanquished.

Grand Total: 246 creatures vanquished

Notes
Turn   | Place    | Note
-------+----------+-------------------------------------------
     0 | D:1      | miragecloak the Octopode Transmuter began the quest for the Orb.
     0 | D:1      | Reached XP level 1. HP: 13/13 MP: 3/3
   246 | D:1      | Reached XP level 2. HP: 8/18 MP: 3/5
   900 | D:1      | Reached XP level 3. HP: 18/23 MP: 4/6
   905 | D:1      | Learned a level 3 spell: Spider Form
  1395 | D:2      | Reached skill level 1 in Poison Magic
  1466 | D:2      | Found a deep blue altar of Sif Muna.
  1567 | D:2      | Reached XP level 4. HP: 27/28 MP: 1/7
  2118 | D:3      | Noticed miragecloak's ghost (amateur OpTm)
  2440 | D:3      | Reached XP level 5. HP: 27/33 MP: 0/8
  2481 | D:3      | Learned a level 2 spell: Sticks to Snakes
  3851 | D:3      | Found a sacrificial altar of Ru.
  4544 | D:4      | Reached XP level 6. HP: 38/38 MP: 5/9
  4672 | D:4      | Noticed a phantom
  4711 | D:4      | Killed a phantom
  5081 | D:4      | Reached skill level 5 in Unarmed Combat
  5125 | D:4      | Noticed a yak
  5125 | D:4      | Noticed a two-headed ogre
  5137 | D:4      | Found a burning altar of Makhleb.
  5249 | D:5      | Entered Level 5 of the Dungeon
  5372 | D:5      | Reached XP level 7. HP: 5/43 MP: 2/11
  6767 | D:5      | Found a staircase to the Ecumenical Temple.
  6781 | Temple   | Entered the Ecumenical Temple
  6928 | Temple   | Became a worshipper of Elyvilon the Healer
  6962 | D:5      | Reached XP level 8. HP: 30/48 MP: 8/12
  7308 | D:5      | Reached skill level 1 in Invocations
  7312 | D:5      | Gained mutation: You are surrounded by a mild repulsion field. (EV +2) [mutagenic meat]
  7313 | D:5      | Noticed Prince Ribbit
  7313 | D:5      | Gained mutation: You passively map a small area around you. [mutagenic meat]
  7347 | D:5      | Killed Prince Ribbit
  8005 | D:6      | Reached * piety under Elyvilon
  8084 | D:6      | Found a shimmering altar of Xom.
  8086 | D:6      | Found a shimmering altar of Xom.
  8088 | D:6      | Found a shimmering altar of Xom.
  8088 | D:6      | Found a shimmering altar of Xom.
  8088 | D:6      | Found a shimmering altar of Xom.
  8089 | D:6      | Found a shimmering altar of Xom.
  8090 | D:6      | Found a shimmering altar of Xom.
  8090 | D:6      | Found a shimmering altar of Xom.
  8090 | D:6      | Found a shimmering altar of Xom.
  8091 | D:6      | Found a shimmering altar of Xom.
  8250 | D:6      | Found Dyug's Food Shoppe.
  8603 | D:6      | Bought a royal jelly for 24 gold pieces
  9009 | D:7      | Reached XP level 9. HP: 46/53 MP: 9/13
  9317 | D:8      | Noticed Gastronok
  9352 | D:7      | Reached ** piety under Elyvilon
  9365 | D:7      | Reached skill level 10 in Unarmed Combat
  9566 | D:7      | Learned a level 4 spell: Ice Form
  9613 | D:7      | Reached skill level 1 in Ice Magic
 10311 | D:7      | Reached skill level 5 in Transmutations
 10368 | D:7      | Elyvilon protects you from harm!
 10370 | D:7      | Elyvilon protects you from harm!
 10372 | D:7      | Killed Gastronok
 10372 | D:7      | Was placed under penance by Elyvilon
 10372 | D:7      | Reached XP level 10. HP: 6/58 MP: 2/14
 10764 | Temple   | Fell from the grace of Elyvilon
 10764 | Temple   | Became a worshipper of Ashenzari the Shackled
 11343 | D:8      | Found a basalt altar of Yredelemnul.
 11345 | D:8      | Found an iron altar of Okawaru.
 11347 | D:8      | Found a glowing golden altar of the Shining One.
 12087 | D:8      | Reached skill level 10 in Transmutations
 12697 | D:8      | Found a staircase to the Lair.
 13144 | D:8      | Reached skill level 5 in Fighting
 13365 | D:8      | Reached XP level 11. HP: 49/72 MP: 11/15
 13537 | D:8      | HP: 2/86 [steam dragon] (9)]
 13537 | D:8      | Slain by a steam dragon

Vault maps used:
D:1:      dpeg_arrival_renting
D:2:      lemuel_blue_sif_altar
D:3:      nicolae_ru_path_of_blood, eino_tiny_chamber
D:4:      gammafunk_temple_overflow_arena, first_bread
D:5:      temple_statues, uniq_prince_ribbit1
D:6:      xom_redecorated, serial_shops, shop
D:8:      grunt_temple_overflow_open, erik_lair_dragon, uniq_gastronok
D:9:      kennysheep_town, uniq_maurice
Temple:   regret_index_temple_waves

Skill      XL: |  1  2  3  4  5  6  7  8  9 10 |
---------------+-------------------------------+-----
Transmutations | 3 4 8 10 | 10.0
Poison Magic   | 1 3 |  3.1
Unarmed Combat | 4 5 7 9 10 | 10.2
Spellcasting   | 3 |  3.2
Invocations    | 4 |  4.0
Ice Magic      | 3 |  3.2
Fighting       | 5 |  5.8
Dodging        | |  2.0

Action                   |  1- 3 |  4- 6 |  7- 9 | 10-12 || total
-------------------------+-------+-------+-------+-------++-------
Melee: Unarmed           |    95 |   204 |   295 |   163 ||   757
       Constrict         |    17 |     9 |     5 |     2 ||    33
       Tentacles         |    12 |     9 |     8 |     2 ||    31
       Kick              |    11 |     3 |       |       ||    14
       Punch             |     1 |     1 |     2 |       ||     4
 Cast: Beastly Appendage |    13 |     3 |       |       ||    16
       Spider Form       |    10 |    38 |    39 |     3 ||    90
       Sticks to Snakes  |       |    18 |    37 |       ||    55
       Ice Form          |       |       |       |    20 ||    20
Invok: Divine Protection |       |       |     1 |       ||     1
       Curse Item        |       |       |       |     1 ||     1
  Use: Potion            |       |       |       |     2 ||     2
 Stab: Sleeping          |     4 |     3 |     1 |       ||     8
       Distracted        |       |       |     1 |       ||     1
  Eat: Chunk             |     3 |    13 |    15 |    15 ||    46
       Meat ration       |       |     1 |       |       ||     1
       Bread ration      |       |       |     2 |       ||     2
       Royal jelly       |       |       |       |     1 ||     1
Armor: Skin              |    13 |     8 |    10 |    32 ||    63
Dodge: Dodged            |    76 |   189 |   240 |    81 ||   586
